Map: [ESL] Tropical Sacrifice

Players

Clem - Winner!

  • Race: Terran Terran
  • Spawn Location: 7:00

Botvinnik

  • Race: Terran Terran
  • Spawn Location: 1:00

Event: DreamHack SC2 Masters 2022 Valencia

VOD

Have the link to the VOD?

Description

Time

  • Played on: July 1, 2022, 1:10 p.m.
  • Length: 15:37

All games in this series

Show
View Real Time Build Order
Export as new Build Order

Clem Terran - Winner!

Build Orders: Reaper Expand 

Get SALT Encoding   

  12  0:00  SCV  
  13  0:12  SCV  
  14  0:17  Supply Depot  
  14  0:24  SCV  
  15  0:39  SCV  
  15  0:41  Barracks  
  16  0:46  Refinery  
  16  0:51  SCV  
  17  1:03  SCV  
  18  1:15  SCV  
  19  1:28  Orbital Command  
  19  1:29  Reaper  
  20  1:45  Command Center  
  21  1:54  SCV  
  21  2:01  Supply Depot, Marine  
  21  2:06  SCV  
  23  2:14  Factory  
  23  2:22  Marine  
  23  2:23  SCV  
  25  2:31  Bunker  
  25  2:35  SCV  
  26  2:40  Marine  
  27  2:45  Refinery  
  27  2:47  SCV  
  28  2:57  Orbital Command  
  28  3:00  Marine  
  28  3:01  Hellion  
  30  3:07  SCV  
  30  3:13  Starport  
  30  3:19  SCV  
  31  3:23  Factory Tech Lab  
  31  3:24  SCV, Marine  
  33  3:31  SCV  
  34  3:36  SCV  
  34  3:37  Supply Depot  
  34  3:39  Refinery  
  35  3:41  Cyclone  
  35  3:44  Barracks Reactor  
  35  3:45  SCV  
  39  3:48  SCV  
  39  3:51  Starport Tech Lab  
  39  3:58  SCV  
  39  4:01  SCV  
  31  4:10  SCV  
  31  4:13  Raven, SCV  
  34  4:22  SCV  
  34  4:23  Marine x2  
  37  4:25  SCV  
  38  4:33  Siege Tank  
  38  4:34  SCV  
  38  4:37  SCV  
  38  4:38  Supply Depot  
  43  4:46  SCV  
  43  4:49  SCV  
  45  4:53  Command Center  
  45  4:58  Raven, SCV  
  48  5:02  SCV  
  48  5:07  Marine x2  
  50  5:15  SCV  
  50  5:16  SCV  
  51  5:23  Supply Depot  
  51  5:24  Marine x2  
  51  5:27  SCV, Siege Tank  
  51  5:28  SCV  
  58  5:32  Refinery  
  58  5:39  SCV  
  58  5:40  SCV  
  58  5:42  Marine x2  
  61  5:44  Supply Depot  
  61  5:45  Raven  
  64  5:51  Supply Depot  
  64  5:53  SCV x2  
  66  5:59  Siege Tank  
  66  6:00  Marine  
  70  6:04  Marine  
  70  6:05  SCV x2, Supply Depot  
  70  6:08  Orbital Command  
  73  6:14  Barracks  
  73  6:17  SCV x2  
  75  6:20  Barracks  
  75  6:30  Orbital Command  
  75  6:31  SCV x2, Siege Tank  
  80  6:39  Viking x2  
  84  6:43  SCV x2  
  86  6:47  Engineering Bay  
  86  6:48  Engineering Bay  
  86  6:49  Stimpack  
  86  6:50  Marine  
  87  6:55  SCV  
  87  6:57  SCV x2  
  90  7:04  Siege Tank  
  90  7:07  SCV, Marine  
  94  7:09  SCV x2  
  94  7:10  Viking x2  
  98  7:18  Marine  
  98  7:19  SCV  
  98  7:21  SCV x2  
  102  7:29  Refinery  
  102  7:30  Refinery, Terran Infantry Armor Level 1, Terran Infantry Weapons Level 1  
  102  7:31  SCV  
  102  7:33  SCV x2  
  102  7:35  Supply Depot  
  105  7:39  Siege Tank  
  105  7:43  SCV  
  109  7:45  SCV  
  109  7:49  Supply Depot  
  109  7:57  Viking x2, SCV x3  
  116  7:59  Supply Depot  
  116  8:01  Command Center  
  116  8:04  Sensor Tower  
  116  8:06  Barracks Reactor  
  116  8:09  SCV  
  116  8:11  SCV x2  
  120  8:16  Supply Depot  
  120  8:19  Siege Tank  
  123  8:21  SCV  
  123  8:23  SCV x2  
  123  8:24  Barracks Reactor  
  125  8:27  Armory  
  125  8:32  Combat Shield  
  125  8:33  SCV  
  126  8:37  Barracks x2  
  126  8:40  Supply Depot  
  126  8:41  Supply Depot, Marine  
  126  8:44  Marine x2  
  126  8:47  Supply Depot  
  129  8:49  Medivac x2  
  129  8:51  Supply Depot  
  133  8:56  Supply Depot  
  133  8:57  Missile Turret  
  133  8:59  Marine  
  133  9:00  Siege Tank  
  133  9:02  Marine  
  138  9:03  Marine x2  
  138  9:04  Marine  
  138  9:05  Factory  
  138  9:07  SCV x2  
  138  9:08  SCV  
  144  9:14  Refinery  
  144  9:17  Marine  
  144  9:18  Refinery  
  144  9:19  SCV, Marine  
  144  9:21  Marine x2, Terran Vehicle Weapons Level 1  
  144  9:23  Viking x2  
  153  9:29  Marine, Barracks Reactor x2  
  154  9:34  Sensor Tower  
  154  9:35  Missile Turret  
  154  9:37  Marine  
  156  9:38  Planetary Fortress  
  156  9:42  Siege Tank  
  159  9:46  SCV  
  159  9:50  Marine x3  
  162  9:55  Marine  
  162  9:56  Terran Infantry Weapons Level 2  
  163  10:03  Command Center  
  163  10:06  Terran Infantry Armor Level 2, Marine x3  
  166  10:08  Marine  
  166  10:10  Marine x3  
  166  10:13  Marine, Barracks Reactor  
  171  10:15  Siege Tank  
  171  10:19  Siege Tank, Starport  
  171  10:20  Starport  
  174  10:27  Viking x2  
  178  10:35  Command Center  
  178  10:51  Siege Tank, Supply Depot  
  181  10:57  Viking x2  
  181  10:59  Starport Tech Lab x2  
  185  11:14  Siege Tank  
  188  11:25  Command Center  
  188  11:26  Command Center  
  188  11:28  Raven x2, Refinery  
  188  11:30  Refinery, Command Center  
  188  11:32  Corvid Reactor  
  189  11:34  Command Center  
  189  11:38  Planetary Fortress  
  189  11:47  Viking x2, Sensor Tower  
  189  11:49  Missile Turret  
  193  12:00  Terran Vehicle Weapons Level 2  
  193  12:01  Armory  
  193  12:11  Raven  
  192  12:15  Raven  
  168  12:23  Viking x2  
  172  12:31  Siege Tank x2  
  172  12:35  Marine x9  
  187  12:37  Marine  
  181  12:51  Orbital Command x2  
  181  12:52  Orbital Command, Viking, Marine  
  181  12:53  Viking  
  181  12:54  Raven  
  181  12:55  Orbital Command  
  189  12:58  Viking  
  189  13:04  Starport  
  190  13:06  Orbital Command  
  190  13:08  Starport  
  190  13:16  Smart Servos  
  190  13:22  Viking  
  190  13:25  Barracks Reactor  
  191  13:28  Raven  
  191  13:30  Barracks Reactor  
  190  13:34  Siege Tank x2  
  190  13:36  Marine x2  
  190  13:37  Raven  
  198  13:43  Viking  
  181  13:58  Viking  
  181  13:59  Marine  
  181  14:00  Marine x5  
  158  14:06  Siege Tank, Hellbat  
  162  14:11  Raven  
  162  14:12  SCV  
  162  14:13  Viking  
  162  14:16  Marine  
  162  14:17  Marine x4  
  162  14:18  SCV  
  162  14:19  Raven  
  162  14:23  SCV x4  
  173  14:26  Marine x5  
  173  14:27  Siege Tank  
  181  14:32  Viking  
  181  14:34  Marine x2  
  181  14:35  Viking  
  181  14:36  Orbital Command  
  187  14:40  Viking  
  161  14:54  Raven  
  161  14:55  Marine  
  161  14:58  Viking x2  
  153  15:03  Siege Tank  
  153  15:05  SCV  
  141  15:10  SCV x2  
  141  15:11  SCV  
  141  15:13  SCV  
  131  15:16  SCV  
Show
View Real Time Build Order
Export as new Build Order

Botvinnik Terran 

Build Orders:  

Get SALT Encoding   

  12  0:00  SCV  
  13  0:12  SCV  
  14  0:18  Supply Depot  
  14  0:24  SCV  
  15  0:40  SCV  
  15  0:41  Barracks  
  16  0:44  Refinery  
  16  0:52  SCV  
  16  0:54  Refinery  
  18  1:04  SCV  
  18  1:16  SCV  
  19  1:27  Reaper  
  19  1:28  Orbital Command  
  19  1:30  Supply Depot  
  20  1:45  Factory  
  20  1:55  SCV  
  20  1:59  Reaper  
  22  2:08  SCV  
  23  2:22  Command Center  
  23  2:27  SCV  
  24  2:39  SCV  
  24  2:42  Barracks Reactor  
  24  2:44  Hellion  
  27  2:45  Reaper  
  27  2:51  SCV  
  29  2:56  Starport  
  29  2:57  Supply Depot  
  29  3:05  Hellion  
  31  3:17  Barracks Reactor  
  31  3:19  SCV  
  32  3:27  Factory Tech Lab  
  32  3:31  SCV  
  33  3:35  Orbital Command  
  33  3:36  Refinery  
  33  3:37  Medivac  
  35  3:43  SCV  
  35  3:47  Siege Tank  
  39  3:54  Marine x2  
  39  3:55  SCV  
  41  4:07  SCV x2  
  39  4:12  Marine x2  
  41  4:17  Starport Tech Lab  
  41  4:19  SCV x2, Siege Tank  
  41  4:20  Supply Depot  
  44  4:32  SCV x2  
  44  4:34  Marine x2  
  44  4:36  Raven  
  50  4:44  SCV  
  50  4:45  SCV  
  52  4:52  Command Center  
  52  4:54  Cyclone  
  55  5:01  Marine x2  
  57  5:10  SCV x2  
  59  5:19  Marine x2  
  61  5:23  SCV  
  61  5:28  Supply Depot  
  62  5:30  Raven, SCV, Siege Tank  
  62  5:33  Refinery, Supply Depot  
  68  5:36  SCV  
  68  5:41  Marine  
  70  5:49  Marine  
  73  5:50  SCV x2, Supply Depot  
  73  5:56  Supply Depot  
  73  6:02  SCV x2  
  75  6:05  Orbital Command  
  75  6:06  Siege Tank  
  78  6:14  SCV  
  78  6:16  Barracks  
  78  6:17  Barracks  
  78  6:18  SCV  
  82  6:26  SCV, Marine  
  82  6:27  Stimpack  
  82  6:28  Orbital Command  
  82  6:30  SCV  
  82  6:31  Viking x2  
  82  6:32  Supply Depot  
  87  6:41  Engineering Bay  
  87  6:42  Engineering Bay, SCV x2  
  89  6:54  SCV x2  
  89  6:58  SCV  
  92  7:05  Viking x2  
  92  7:06  SCV x2  
  88  7:18  Marine  
  88  7:22  Siege Tank  
  92  7:23  Barracks Reactor x2  
  92  7:24  Terran Infantry Armor Level 1, Terran Infantry Weapons Level 1  
  92  7:31  SCV x3  
  92  7:34  Refinery, Sensor Tower  
  92  7:35  Viking, Refinery  
  97  7:43  SCV x3  
  100  7:47  Viking  
  102  7:55  SCV x3  
  105  8:01  Marine x5  
  105  8:04  Siege Tank  
  113  8:06  Barracks  
  113  8:07  Barracks  
  113  8:12  SCV x3  
  116  8:18  Armory  
  116  8:20  Viking x2  
  116  8:21  Supply Depot  
  116  8:22  Supply Depot  
  120  8:27  Marine x2  
  120  8:28  Marine x3  
  125  8:35  Combat Shield, Supply Depot x2  
  125  8:42  SCV, Siege Tank  
  134  8:51  Viking x2  
  134  8:52  Factory  
  138  8:58  Barracks Reactor  
  138  8:59  Barracks Reactor  
  133  9:03  Command Center  
  133  9:06  SCV x3, Marine x5  
  133  9:09  Terran Vehicle Weapons Level 1  
  141  9:20  Siege Tank  
  144  9:29  Supply Depot, Terran Infantry Armor Level 2, Terran Infantry Weapons Level 2  
  144  9:30  Supply Depot  
  144  9:32  Viking  
  144  9:33  Viking  
  148  9:42  SCV x2  
  148  9:43  SCV, Factory Tech Lab  
  151  9:55  Sensor Tower  
  151  10:04  Viking x2  
  155  10:18  Siege Tank  
  155  10:20  Siege Tank  
  161  10:26  Marine x7  
  161  10:27  Marine x2  
  166  10:30  Starport  
  166  10:31  Starport  
  166  10:32  Refinery  
  166  10:34  Viking x2, Refinery  
  167  10:38  Missile Turret  
  167  10:39  Missile Turret  
  167  10:41  Missile Turret  
  167  10:53  Siege Tank x2  
  167  10:56  Planetary Fortress  
  173  10:58  Missile Turret  
  171  11:08  Viking x2, Starport Reactor  
  171  11:09  Starport Reactor  
  171  11:10  Terran Vehicle Weapons Level 2  
  175  11:12  Armory  
  175  11:31  Siege Tank x2  
  181  11:38  Viking x2  
  185  11:41  Fusion Core  
  185  11:45  Liberator  
  188  11:52  Command Center  
  188  11:54  Viking x3  
  188  11:56  Command Center  
  188  11:57  Supply Depot  
  184  12:21  Viking x2  
  170  12:24  Marine x2  
  170  12:25  Marine x3  
  170  12:26  Marine  
  170  12:27  Siege Tank x2  
  181  12:38  Viking x2  
  181  12:39  Viking  
  181  12:40  Viking  
  189  12:54  Viking x2  
  189  12:56  Command Center  
  189  12:57  Advanced Ballistics  
  189  12:58  Command Center  
  193  12:59  Siege Tank  
  193  13:00  Terran Ship Weapons Level 1  
  196  13:08  SCV x4  
  200  13:27  Terran Vehicle And Ship Armor Level 1  
  196  13:42  Siege Tank  
  196  13:43  Planetary Fortress  
  192  13:53  Viking x3, Liberator x2  
  169  14:00  Factory Tech Lab  
  169  14:01  Marine x3  
  169  14:02  Marine x6  
  165  14:19  Siege Tank  
  165  14:22  Refinery  
  165  14:23  Refinery  
  168  14:26  Siege Tank  
  171  14:32  Marine x9  
  180  14:42  Viking x3  
  178  14:49  Marine x3  
  178  14:50  Marine  
  178  14:51  Siege Tank  
  140  15:03  Siege Tank, Marine x5  
  132  15:07  Marine x4  

Tags
 
Add a new tag
Caveats
  • Supply blocks, unpowered buildings, or Contaminate may cause inaccurate times.
  • Supply counts are checked every 10 seconds.